 Dungeon Crawl Stone Soup version 0.20-b1-18-gaa2fd62 (webtiles) character file.

135 Firecrotchwizard the Spear-Bearer (level 5, 0/38 HPs)
             Began as a Merfolk Gladiator on May 24, 2017.
             Was an Initiate of Okawaru.
             Slain by Grinder (6 damage)
             ... while paralysed by Grinder
             ... on level 3 of the Dungeon.
             The game lasted 00:08:06 (2586 turns).

Firecrotchwizard the Spear-Bearer (MfGl)            Turns: 2586, Time: 00:08:06

Health: 0/38       AC:  6    Str: 14    XL:     5   Next: 18%
Magic:  5/5        EV:  2    Int:  8    God:    Okawaru [......]
Gold:   66         SH:  0    Dex: 16    Spells: 4/4 levels left

rFire    + . .     SeeInvis .   a - +0 trident
rCold    . . .     Gourm    .   (no shield)
rNeg     . . .     Faith    .   m - +0 ring mail
rPois    .         Spirit   .   w - +0 helmet
rElec    .         Reflect  .   (no cloak)
rCorr    .         Harm     .   (no gloves)
MR       .....                  (no boots)
Stlth    +.........             (no amulet)
Regen    0.2/turn               e - ring of protection from fire
MPRegen  0.1/turn               (no ring)

@: paralysed
A: change form in water, swift swim, stealthy swim
a: Renounce Religion


You were on level 3 of the Dungeon.
You worshipped Okawaru.
Okawaru was noncommittal.
You were hungry.

You visited 1 branch of the dungeon, and saw 3 of its levels.

You collected 66 gold pieces.

Inventory:

Hand Weapons
 a - a +0 trident (weapon)
 b - a +0 hunting sling
Missiles
 d - 3 throwing nets (quivered)
 k - 47 sling bullets
 o - 118 stones
Armour
 m - a +0 ring mail (worn)
 w - a +0 helmet (worn)
Jewellery
 e - a ring of protection from fire (left hand)
Wands
 s - a wand of random effects (38/48)
Scrolls
 c - a scroll of enchant weapon {unknown}
 h - 2 scrolls of identify {unknown}
 l - a scroll of fear {unknown}
 q - 2 scrolls of immolation {unknown}
 r - a scroll of remove curse {unknown}
 u - a scroll of fog {unknown}
 x - a scroll of blinking {unknown}
 y - a scroll of amnesia {unknown}
Potions
 j - a potion of berserk rage {unknown}
 n - a potion of haste {unknown}
 p - a potion of mutation {unknown}
Comestibles
 f - 4 bread rations
 t - a royal jelly
 v - a meat ration


   Skills:
 - Level 2.1 Fighting
 * Level 8.3 Polearms
 - Level 2.0 Throwing
 - Level 4.0 Dodging


You had 4 spell levels left.
You didn't know any spells.

Dungeon Overview and Level Annotations

Branches:
Dungeon (3/15)

Altars:
Okawaru
Ru

Annotations:
D:3 Grinder


Message History

You hit Grinder.
Grinder is lightly wounded.
Grinder hits you!
* * * LOW HITPOINT WARNING * * *
You writhe in agony.
* * * LOW HITPOINT WARNING * * *
You barely miss Grinder.
Grinder is lightly wounded.
Grinder blinks!
Grinder zaps a wand.
Some rock shatters into small pieces.
It is a wand of digging (?/24).
Grinder gestures at you.
You suddenly lose the ability to move!
Grinder barely misses you. Grinder hits you.
* * * LOW HITPOINT WARNING * * *
Grinder gestures at you.
You shrug off the repeated paralysis!
Grinder hits you.
You die...

... ...#.###......#####.....###.
.....#)#.###..#.......###<......
..............#.#.###.# #...####
.###.#.#........#.###.# #...#
...#.#........<##.# #...#
#.###........#..##.# #...#
.........#..........# #...#
.#........##..5...######...####
# # .###...##.#@.............(..
#...##.#.................
#..###.#.................
...........#..####...####
.###.##..##.# #...### #.....# .#
#...#.## ####.## .##....#.# #.#
##...###. #.# #..## ##


You could see Grinder.

Vanquished Creatures
  5 adders
  An ooze (D:2)
  2 worms (D:2)
  2 dart slugs
  3 leopard geckos
  5 bats
  6 giant cockroaches
  8 goblins
  9 hobgoblins
  8 jackals
  8 kobolds
  A quokka (D:2)
  2 frilled lizards (D:2)
  11 rats
71 creatures vanquished.

Notes
Turn   | Place    | Note
-------+----------+-------------------------------------------
     0 | D:1      | Firecrotchwizard the Merfolk Gladiator began the quest for the Orb.
     0 | D:1      | Reached XP level 1. HP: 16/16 MP: 1/1
    66 | D:1      | Reached skill level 5 in Polearms
    67 | D:1      | Reached XP level 2. HP: 22/22 MP: 2/2
   267 | D:1      | Reached skill level 6 in Polearms
   267 | D:1      | Reached XP level 3. HP: 27/27 MP: 3/3
   694 | D:2      | Found an iron altar of Okawaru.
   703 | D:2      | Became a worshipper of Warmaster Okawaru
   780 | D:2      | Found a sacrificial altar of Ru.
  1080 | D:2      | Reached XP level 4. HP: 30/33 MP: 4/4
  1153 | D:2      | Reached skill level 7 in Polearms
  1995 | D:3      | Reached skill level 8 in Polearms
  1995 | D:3      | Reached XP level 5. HP: 36/38 MP: 5/5
  2302 | D:3      | Noticed Grinder
  2313 | D:3      | HP: 1/38 [something (4)]
  2582 | D:3      | Paralysed by Grinder for 5 turns
  2586 | D:3      | Slain by Grinder

Skill      XL: |  1  2  3  4 |
---------------+-------------+-----
Polearms       | 5 6 8 |  8.3
Fighting       | |  2.1
Throwing       | |  2.0
Dodging        | |  4.0

Action                   |  1- 3 |  4- 6 || total
-------------------------+-------+-------++-------
Melee: Trident           |    94 |   161 ||   255
 Fire: Hunting sling     |     7 |       ||     7
  Use: Potion            |       |     1 ||     1
  Eat: Chunk             |       |     5 ||     5
Armor: Leather armour    |     4 |       ||     4
       Ring mail         |     9 |    27 ||    36
Dodge: Dodged            |    46 |    77 ||   123
